 Dungeon Crawl Stone Soup version 0.19.5 (webtiles) character file.

42 Jynx the Grave Robber (level 3, 0/24 HPs)
             Began as a Vampire Necromancer on June 6, 2017.
             Succumbed to an adder's poison
             ... on level 2 of the Dungeon.
             The game lasted 00:01:44 (1619 turns).

Jynx the Grave Robber (Vampire Necromancer)         Turns: 1619, Time: 00:01:45

Health: 0/24       AC:  2    Str:  7    XL:     3   Next: 35%
Magic:  0/6        EV: 12    Int: 18    God:
Gold:   23         SH:  0    Dex: 14    Spells: 1 memorised, 5 levels left

rFire  . . .     SeeInvis +     f - +0 dagger (curse)
rCold  . . .     Gourm    .     a - +0 robe
rNeg   + . .     Faith    .     (no shield)
rPois  .         Spirit   .     (no helmet)
rElec  .         Reflect  .     (no cloak)
rCorr  .         Harm     .     (no gloves)
MR     .....                    (no boots)
Stlth  +++.......               (no amulet)
                                (no ring)
                                (no ring)

@: lethally poisoned (0 -> -1), very slightly contaminated
A: fangs 3, see invisible, unbreathing
a: Bat Form


You were on level 2 of the Dungeon.
You were not thirsty.

You visited 1 branch of the dungeon, and saw 2 of its levels.

You collected 23 gold pieces.

Inventory:

Hand Weapons
 f - a cursed +0 dagger (weapon)
Armour
 a - a +0 robe (worn)
Jewellery
 j - an uncursed amulet of regeneration {unknown}
Scrolls
 d - a scroll of fog {unknown}
 g - a scroll of identify {unknown}
 i - a scroll of amnesia {unknown}
 k - 3 scrolls of immolation {unknown}
Potions
 c - a potion of blood
 e - a potion of curing {unknown}
 h - a potion of degeneration {unknown}
Books
 b - a book of Necromancy

   Spells                             Type                      Level
   a - Pain                           Necromancy                   1
   b - Animate Skeleton               Necromancy                   1
   c - Vampiric Draining              Necromancy                   3
   d - Regeneration                   Charms/Necromancy            3
   e - Animate Dead                   Necromancy                   4
   f - Control Undead                 Necromancy                   4


   Skills:
 + Level 0.7 Short Blades
 - Level 2.1 Dodging
 + Level 4.2 Stealth
 + Level 2.1 Spellcasting
 * Level 5.1 Necromancy


You had 5 spell levels left.
You knew the following spells:

 Your Spells              Type           Power        Failure   Level  Hunger
a - Pain                  Necr           ###.         1%          1    #......


Dungeon Overview and Level Annotations

Branches:
Dungeon (2/15)

Altars:

Annotations:
D:2 Natasha


Innate Abilities, Weirdness & Mutations

You have razor-sharp teeth.
You have supernaturally acute eyesight. (SInv)
You can survive without breathing.


Message History

Natasha is heavily wounded.
The shadow imp hits you.
* * * LOW HITPOINT WARNING * * *
Natasha howls an incantation.
Natasha shimmers violently.
Natasha closely misses you.
You feel sick.
A rat comes into view.
You feel sick.
Natasha casts a spell.
The shadow imp gestures at you. Pain shoots through your body!
* * * LOW HITPOINT WARNING * * *
Casting: Pain
Confirm with . or Enter, or press ? or * to list all spells.
Aiming: Pain
Press: ? - help, Shift-Dir - straight line, f - rat
Aim: a rat (chance to defeat MR: 90%)
The rat writhes in agony!
You kill the rat!
You die...

.##..###..........##
.##..# #######..#..##
..#..# #.#.#.#.#
.#...# #.#...#.#
.....# #.#..##.###
.#.### ##........#
..## ##...###.# .##
##.## #.# .# #@# #.#
.# #.# #.# .# ### #.#
###
.#########.#####5#
.......5.5.5Kh..h#
......####.#####....#
............# #.##.+
#.###.#####.# #.# +
..# #.# .# #.#


You could see Natasha and a shadow imp.

Vanquished Creatures
  An adder (D:2)
  3 dart slugs (D:1)
  A leopard gecko (D:1)
  A ball python (D:1)
  4 bats
  A giant cockroach (D:1)
  5 goblins (D:1)
  3 hobgoblins
  A kobold (D:1)
  2 frilled lizards (D:1)
  3 rats
25 creatures vanquished.

Notes
Turn   | Place    | Note
-------+----------+-------------------------------------------
     0 | D:1      | Jynx the Vampire Necromancer began the quest for the Orb.
     0 | D:1      | Reached XP level 1. HP: 13/13 MP: 3/3
   197 | D:1      | Reached XP level 2. HP: 14/19 MP: 0/5
  1398 | D:1      | Reached XP level 3. HP: 23/24 MP: 3/6
  1517 | D:2      | Reached skill level 5 in Necromancy
  1591 | D:2      | Noticed Natasha
  1615 | D:2      | HP: 1/24 [shadow imp/nerve-wracking pain[Natasha] (4)]
  1619 | D:2      | Succumbed to an adder's poison

Skill      XL: |  1  2  3 |
---------------+----------+-----
Stealth        | 4 |  4.2
Necromancy     | 5 |  5.1
Short Blades   | |  0.7
Dodging        | |  2.1
Spellcasting   | |  2.1

Action                   || total
-------------------------++-------
Melee: Unarmed           ||     2
       Dagger            ||     4
       Bite              ||     1
 Cast: Pain              ||    47
  Eat: Corpse            ||     2
Armor: Robe              ||     9
Dodge: Dodged            ||    15
